 Dungeon Crawl Stone Soup version 0.29-a0-397-g846e4a0bbc (webtiles) character file.

Game seed: 17126017323768773066

74 Ijustatesigmund the Conjurer (level 4, -3/28 HPs)
             Began as an Octopode Conjurer on May 12, 2022.
             Killed from afar by an orc wizard (11 damage)
             ... with a puff of flame
             ... on level 3 of the Dungeon.
             The game lasted 00:05:18 (2802 turns).

Ijustatesigmund the Conjurer (Octopode Conjurer)    Turns: 2802, Time: 00:05:19

Health: -3/28      AC:  1    Str:  6    XL:     4   Next: 28%
Magic:  1/8        EV: 13    Int: 22    God:
Gold:   39         SH:  0    Dex: 10    Spells: 6/9 levels left

rFire   . . .      SeeInvis .   c - +0 dagger (spect)
rCold   . . .      Faith    .   (no shield)
rNeg    + . .      Spirit   .   (helmet restricted)
rPois   .          Reflect  .   (no amulet)
rElec   .          Harm     .   e - ring of positive energy
rCorr   .          Rampage  .   (no ring)
Will    .....                   (no ring)
Stlth   +++.......              (no ring)
HPRegen 0.09/turn               (no ring)
MPRegen 0.11/turn               (no ring)
                                (no ring)
                                (no ring)

@: hasted, very quick
A: almost no armour, amphibious, 8 rings, camouflage 1, gelatinous body 1,
(nimble swimmer 1), tentacles
a: no special abilities


You were on level 3 of the Dungeon.
You visited 1 branch of the dungeon, and saw 3 of its levels.

You collected 248 gold pieces.
You spent 209 gold pieces at shops.

Inventory:

Hand Weapons
 c - a +0 spectral dagger (weapon)
Jewellery
 e - a ring of positive energy (left tentacle)
Scrolls
 j - a scroll of summoning {unknown}
 k - a scroll of blinking
Potions
 a - 2 potions of magic
 b - a potion of haste
 d - 2 potions of resistance {unknown}
 f - a potion of lignification {unknown}
 g - 2 potions of curing
 h - 2 potions of attraction {unknown}
 i - a potion of heal wounds
 l - a potion of mutation


   Skills:
 + Level 1.2 Fighting
 + Level 2.4 Dodging
 - Level 2.6 Stealth
 + Level 3.0 Spellcasting
 - Level 4.4 Conjurations


You had 6 spell levels left.
You knew the following spells:

 Your Spells              Type           Power      Damage    Failure   Level
a - Magic Dart            Conj           92%        1d7       1%          1
b - Searing Ray           Conj           46%        2d6       3%          2

Your spell library contained the following spells:

 Spells                   Type           Power      Damage    Failure   Level
 Dazzling Flash           Conj/Hex       26%        N/A       14%         3
 Corpse Rot               Necr/Air       6%         N/A       19%         2
 Fulminant Prism          Conj/Hex       6%         3d7       43%         4
 Iskenderun's Mystic Bla  Conj/Tloc      13%        2d5       43%         4
 Dispel Undead            Necr           3%         3d7       77%         4
 Death Channel            Necr           1%         N/A       100%        6


Dungeon Overview and Level Annotations

Branches:
Dungeon (3/15)

Altars:
Fedhas

Shops:
D:2 :[!


Innate Abilities, Weirdness & Mutations

You cannot wear most types of armour.
You are amphibious.
You can wear up to eight rings at the same time.
Your skin changes colour to match your surroundings (Stealth+).
Your rubbery body absorbs attacks. (AC +1, EV +1)
((You are camouflaged when in or above water. (Stealth+)))
You have tentacles for arms and can constrict up to eight enemies at once.


Message History

The orc wizard hits you with a +0 dagger.
The orc hits you with a +0 short sword.
The searing ray hits the orc wizard.
The orc wizard is moderately wounded.
The orc wizard hits you with a +0 dagger.
The orc hits you but does no damage.
The searing ray hits the orc wizard.
The orc wizard is heavily wounded.
The orc wizard closely misses you. The orc barely misses you.
The searing ray misses the orc wizard.
You finish channelling your searing ray.
The orc wizard barely misses you. The orc hits you with a +0 short sword.
Casting: Searing Ray (safe; 3% risk of failure)
Confirm with . or Enter, or press ? or * to list all spells.
You don't have enough magic to cast this spell.
Casting: Searing Ray (safe; 3% risk of failure)
Confirm with . or Enter, or press ? or * to list all spells.
Aiming: Magic Dart (safe; 1% risk of failure)
Press: ? - help, Shift-Dir - straight line, f/p - orc wizard
Aim: an orc wizard, wielding a +0 dagger and wearing a +0 robe (heavily wounded, 100% to hit)
The magic dart hits the orc wizard.
The orc wizard is severely wounded.
The orc wizard hits you with a +0 dagger.
The orc hits you with a +0 short sword.
* * * LOW HITPOINT WARNING * * *
It was a potion of haste.
You feel yourself speed up.
The orc wizard gestures wildly while chanting.
The orc wizard flickers and vanishes!
Deactivating autopickup; reactivate with Ctrl-A.
The orc closely misses you.
Your magical contamination has completely faded away.
You miss something.
Your +0 spectral dagger hits something.
Something hits you but does no damage. The orc hits you with a +0 short sword.
* * * LOW HITPOINT WARNING * * *
You hit something.
Your +0 spectral dagger misses something.
Unknown command.
A puff of flame appears from out of thin air!
The puff of flame hits you!
You die...

### #.. #
#.# .# #.#
###.# #.#
#...
#@###.#.#
#.......#
###.#.#.#
#{#.#.#
#o#(#.#
#.o...#
###.###
#######.##
.........#


There were no monsters in sight!

Vanquished Creatures
  2 adders (D:2)
  A worm (D:2)
  2 dart slugs
  2 orcs (D:3)
  3 ball pythons
  4 endoplasms
  4 giant cockroaches
  3 goblins (D:1)
  2 hobgoblins
  4 quokkas
  4 bats
  5 frilled lizards
  4 kobolds
  4 rats
44 creatures vanquished.

Notes
Turn   | Place    | Note
-------+----------+-------------------------------------------
     0 | D:1      | Ijustatesigmund the Octopode Conjurer began the quest for
                  | the Orb.
     0 | D:1      | Reached XP level 1. HP: 11/11 MP: 3/3
   205 | D:1      | Found a faded altar of an unknown god.
   371 | D:1      | Reached XP level 2. HP: 14/17 MP: 0/5
   374 | D:1      | Learned a level 2 spell: Searing Ray
  1065 | D:1      | Reached XP level 3. HP: 21/21 MP: 4/7
  1342 | D:2      | Found Cuwoj's Armour Emporium.
  1408 | D:2      | Found Vainomm's Distillery.
  1426 | D:2      | Bought 2 potions of curing for 66 gold pieces
  1426 | D:2      | Bought a potion of heal wounds for 55 gold pieces
  1501 | D:2      | Found a blossoming altar of Fedhas.
  2042 | D:2      | Reached skill level 1 in Fighting
  2042 | D:2      | Reached XP level 4. HP: 28/28 MP: 0/8
  2304 | D:2      | Found Ideata Guorgh's Book Emporium.
  2563 | D:2      | Bought a potion of mutation for 88 gold pieces
  2802 | D:3      | Killed from afar by an orc wizard

Illustrated notes

Levels and vault maps discovered:
D:1:      saegor_arrival_simple_a, layout_basic, ebering_ecumenical_altar_mist
D:2:      kb_forest_paths, layout_basic, serial_shops, nicolae_shop_waterfront,
          shop_coins, nicolae_shop_hallway_plus, basic_altar,
          palyth_stone_intersect
D:3:      layout_loops_corners, mainiacjoe_overflow_surrounded_room, uniq_robin

Skill      XL: |  1  2  3 |
---------------+----------+-----
Fighting       | 1 |  1.2
Spellcasting   | 3 |  3.0
Dodging        | |  2.4
Stealth        | |  2.6
Conjurations   | |  4.4

Action                   |  1- 3 |  4- 6 || total
-------------------------+-------+-------++-------
Melee: Dagger            |    21 |     3 ||    24
       Unarmed           |     1 |       ||     1
       Constrict         |     3 |       ||     3
       Tentacles         |     3 |       ||     3
 Cast: Magic Dart        |    67 |    14 ||    81
       Searing Ray       |     3 |     2 ||     5
  Use: Scroll            |     5 |       ||     5
       Potion            |       |     1 ||     1
 Stab: Sleeping          |     2 |       ||     2
Armor: Skin              |     1 |     2 ||     3
Dodge: Dodged            |    15 |     6 ||    21

Table legend: (Time is in decaauts)
 A = Elapsed time spent in this place.
 B = Non-inter-level travel time spent in this place.
 C = Inter-level travel time spent in this place.
 D = Time resting spent in this place.
 E = Time spent auto-exploring this place.
 F = Levels seen in this place.
 G = Mean time per level.
                   A        B        C        D        E       F      G
               +--------+--------+--------+--------+--------+-----+--------+
         Total |   2799 |   2720 |     79 |    551 |   1916 |   3 |  933.0 |
       Dungeon |   2799 |   2720 |     79 |    551 |   1916 |   3 |  933.0 |
               +--------+--------+--------+--------+--------+-----+--------+

Top non-repeatable levels by time:
     D:2: 1539 daAuts
     D:1: 1216 daAuts
     D:3: 44 daAuts
